[Event "ICC tourney 2834 (40 10)"]
[Site "Internet Chess Club"]
[Date "2022.02.26"]
[Round "4"]
[White "JAIN, PARINYA:StockAlpha2020"]
[Black "Lin, James:MeLikeGame"]
[Result "1-0"]
[ICCResult "Black checkmated"]
[WhiteElo "1478"]
[BlackElo "1392"]
[Opening "Giuoco Pianissimo"]
[ECO "C55"]
[NIC "IG.01"]
[Time "17:45:20"]
[PlyCount "73"]
[TimeControl "2400+10"]

1. e4 e5 2. Nf3 Nc6 3. Bc4 Nf6 4. d3 Bc5 5. O-O O-O 6. Nc3 d6 7. h3 h6 8.
Re1 Be6 9. Bb3 Re8 10. Na4 Bb6 11. Bd2 a6 12. Nxb6 cxb6 13. c3 Qe7 14. Bc2
Rad8 15. d4 exd4 16. cxd4 d5 17. e5 Nd7 18. a3 Nf8 19. Rc1 Ng6 20. b4 b5 21.
Bd3 Qc7 22. Qc2 Qb6 23. Bxg6 fxg6 24. Qxg6 Nxd4 25. Nxd4 Qxd4 26. Bxh6 Re7
27. Bg5 Rf7 28. Bxd8 Qxf2+ 29. Kh1 Bf5 30. Qg5 Qd4 31. Bf6 Kf8 32. Qxf5 gxf6
33. Rc8+ Kg7 34. exf6+ Rxf6 35. Re7+ Rf7 36. Rxf7+ Kh6 37. Rh7#
{Black checkmated}
1-0

[Event "ICC tourney 2834 (40 10)"]
[Site "Internet Chess Club"]
[Date "2022.02.26"]
[Round "4"]
[White "THAPER, RISHUBH:MajorKey"]
[Black "HUANG, BRIAN:Checkmater2228"]
[Result "1-0"]
[ICCResult "Black checkmated"]
[WhiteElo "1123"]
[BlackElo "857"]
[Opening "QGA: 3.Nf3"]
[ECO "D21"]
[NIC "QG.05"]
[Time "17:45:22"]
[PlyCount "61"]
[TimeControl "2400+10"]

1. d4 d5 2. c4 dxc4 3. Nf3 Bg4 4. Ne5 Bh5 5. g4 Bg6 6. h4 e6 7. Bg2 Nc6 8.
Nxc6 bxc6 9. Bxc6+ Ke7 10. Bxa8 Qxa8 11. f3 h6 12. Nc3 Ke8 13. Qa4+ Kd8 14.
Qxc4 Bd6 15. Kf2 Nf6 16. Be3 h5 17. g5 Nd7 18. Rac1 Nb6 19. Qb3 a5 20. Nb5
a4 21. Qc3 Nd5 22. Qc6 Qxc6 23. Rxc6 Nxe3 24. Kxe3 Be7 25. Rxc7 f6 26. Rhc1
Ke8 27. Rc8+ Bd8 28. R1c7 fxg5 29. Nd6+ Kf8 30. Rxd8+ Be8 31. Rxe8#
{Black checkmated}
1-0

[Event "ICC tourney 2834 (40 10)"]
[Site "Internet Chess Club"]
[Date "2022.02.26"]
[Round "4"]
[White "Francis-Emonds, Nico Maximilian:nemonds9"]
[Black "DATTA, GAURAV D:Geebz76"]
[Result "1-0"]
[ICCResult "Black resigns"]
[WhiteElo "1365"]
[BlackElo "1285"]
[Opening "Queen's pawn game"]
[ECO "D00"]
[NIC "QP.08"]
[Time "17:45:28"]
[PlyCount "75"]
[TimeControl "2400+10"]

1. d4 d5 2. g3 Nf6 3. Bg2 e6 4. b3 Be7 5. Bb2 O-O 6. e3 c5 7. Ne2 Nc6 8. O-O
Bd7 9. Nd2 cxd4 10. Nxd4 Rc8 11. c4 Nxd4 12. Bxd4 Bc5 13. Bxf6 Qxf6 14. cxd5
exd5 15. Bxd5 Bc6 16. Ne4 Qe7 17. Bxc6 Rxc6 18. Nxc5 Rxc5 19. Rc1 Rd8 20.
Qf3 Rcd5 21. Rfd1 Rxd1+ 22. Rxd1 Rc8 23. Qd5 g6 24. Qd3 Qa3 25. Qd7 Rc1 26.
Rxc1 Qxc1+ 27. Kg2 Qc6+ 28. Qxc6 bxc6 29. Kf3 f5 30. Kf4 Kf7 31. Ke5 Ke7 32.
b4 a6 33. f4 h5 34. h4 a5 35. bxa5 Kd7 36. a6 Kc7 37. a7 Kb7 38. Kd6
{Black resigns}
1-0

[Event "ICC tourney 2834 (40 10)"]
[Site "Internet Chess Club"]
[Date "2022.02.26"]
[Round "4"]
[White "ASHOK, AMUDHAN:amudhanashok"]
[Black "TOPA, RONALD:RonTopa"]
[Result "1-0"]
[ICCResult "Black checkmated"]
[WhiteElo "950"]
[BlackElo "1228"]
[Opening "Queen's pawn, Mason variation"]
[ECO "D00"]
[NIC "QP.08"]
[Time "17:45:23"]
[PlyCount "83"]
[TimeControl "2400+10"]

1. d4 d5 2. Bf4 Nc6 3. Nc3 a6 4. f3 Nf6 5. e3 e6 6. a3 h6 7. Bd3 Bd6 8. Bg3
Bxg3+ 9. hxg3 Qd6 10. Nge2 e5 11. dxe5 Nxe5 12. Qd2 Be6 13. O-O-O Nxd3+ 14.
Qxd3 O-O-O 15. Kb1 Nd7 16. e4 Nc5 17. Qd4 dxe4 18. Qxg7 Qe7 19. fxe4 Bc4 20.
Nf4 Ne6 21. Nxe6 Bxe6 22. Rxd8+ Qxd8 23. Rxh6 Rxh6 24. Qxh6 Qd1+ 25. Nxd1 b6
26. Ne3 Kb7 27. g4 a5 28. g5 Bc8 29. Qf8 Be6 30. Nf5 Kc6 31. Ng7 Bc4 32. b3
Bf1 33. Qxf7 Bxg2 34. g6 Bxe4 35. Qc4+ Kb7 36. Qxe4+ Kc8 37. Ne6 Kd7 38. Nd4
Kc8 39. g7 Kd7 40. g8=Q c6 41. Qge8+ Kc7 42. Q4e7# {Black checkmated} 1-0

[Event "ICC tourney 2834 (40 10)"]
[Site "Internet Chess Club"]
[Date "2022.02.26"]
[Round "4"]
[White "BOGIN, THEODORE:tbogin1"]
[Black "Nagarajan, Ramesh:rnagaraj"]
[Result "0-1"]
[ICCResult "White resigns"]
[WhiteElo "1339"]
[BlackElo "1282"]
[Opening "Sicilian: closed, 2...Nc6"]
[ECO "B23"]
[NIC "SI.44"]
[Time "17:46:33"]
[PlyCount "66"]
[TimeControl "2400+10"]

1. e4 c5 2. Nc3 Nc6 3. Bb5 d6 4. Bxc6+ bxc6 5. f4 e6 6. Nf3 Be7 7. e5 d5 8.
d4 cxd4 9. Nxd4 c5 10. Nc6 Qc7 11. Nxe7 Nxe7 12. Qg4 Ng6 13. O-O O-O 14. h4
Ne7 15. Bd2 Nf5 16. Rae1 Qe7 17. g3 Ba6 18. Nxd5 exd5 19. Qxf5 Bxf1 20. Rxf1
Qe6 21. Qh5 Qg6 22. Qf3 Qe4 23. Qf2 Qxc2 24. f5 Qxb2 25. f6 Qxe5 26. Bg5 Qd4
27. Be3 Qxf6 28. Qe2 Qg6 29. g4 d4 30. Bd2 Rfe8 31. Qg2 Qe4 32. Qg3 c4 33.
h5 c3 {White resigns} 0-1

[Event "ICC tourney 2834 (40 10)"]
[Site "Internet Chess Club"]
[Date "2022.02.26"]
[Round "4"]
[White "SISTA, SAI VIJAY HIMAGHNA:Chessboy5"]
[Black "CAI, ALAN ZHUOCHENG:flying-ninja"]
[Result "1-0"]
[ICCResult "Black resigns"]
[WhiteElo "1394"]
[BlackElo "1344"]
[Opening "Queen's pawn, Mason variation"]
[ECO "D00"]
[NIC "QP.08"]
[Time "17:45:17"]
[PlyCount "51"]
[TimeControl "2400+10"]

1. d4 d5 2. Bf4 Bf5 3. e3 e6 4. Bd3 Bg6 5. c3 Nf6 6. Nf3 Be7 7. Qc2 O-O 8.
Nbd2 c5 9. Ne5 Nc6 10. Ndf3 Rc8 11. h4 c4 12. Nxg6 hxg6 13. Be2 b5 14. Ne5
Nxe5 15. dxe5 Ne4 16. h5 g5 17. Bh2 f5 18. f3 Nc5 19. Bg3 f4 20. exf4 gxf4
21. Bf2 Rf5 22. h6 gxh6 23. Rxh6 Kg7 24. Rxe6 Qf8 25. Rxe7+ Qxe7 26. Qxf5
{Black resigns}
1-0

[Event "ICC tourney 2834 (40 10)"]
[Site "Internet Chess Club"]
[Date "2022.02.26"]
[Round "4"]
[White "Pao, Hobart:hhp2122"]
[Black "BIRUDAVOLU, SATHVIK:Vikki24"]
[Result "1-0"]
[ICCResult "Black checkmated"]
[WhiteElo "1285"]
[BlackElo "1069"]
[Opening "Queen's gambit accepted"]
[ECO "D26"]
[NIC "QG.03"]
[Time "17:45:23"]
[PlyCount "125"]
[TimeControl "2400+10"]

1. d4 d5 2. c4 dxc4 3. e3 Nf6 4. Bxc4 e6 5. Nf3 Nc6 6. O-O Bd6 7. Nc3 O-O 8.
a3 h6 9. Qc2 Re8 10. b4 a6 11. Bb2 e5 12. dxe5 Nxe5 13. Nxe5 Bxe5 14. Rad1
Qe7 15. h3 Be6 16. Be2 Rad8 17. Bf3 c6 18. Na4 Bxb2 19. Qxb2 Rxd1 20. Rxd1
Rd8 21. Rd4 Rxd4 22. Qxd4 Kh7 23. Nc5 Nd5 24. Qe4+ g6 25. Qe5 f6 26. Qxe6
Qxe6 27. Nxe6 Kg8 28. Bxd5 cxd5 29. Nf4 g5 30. Nxd5 Kf7 31. g3 Ke6 32. Nc3
Ke5 33. Kg2 f5 34. f3 h5 35. f4+ gxf4 36. gxf4+ Kd6 37. Kg3 Ke6 38. Kh4 Kf6
39. Kxh5 Kf7 40. Kh6 Kf6 41. Kh7 Kf7 42. h4 Kf6 43. h5 Kf7 44. Nd5 Kf8 45.
h6 Kf7 46. Ne7 Kf6 47. Kg8 Kxe7 48. h7 Kd7 49. h8=Q Kc6 50. Qe5 b5 51. Qxf5
a5 52. Qc5+ Kb7 53. Qxb5+ Ka8 54. Qxa5+ Kb7 55. Qd5+ Ka7 56. f5 Kb8 57. f6
Kc7 58. f7 Kb6 59. f8=Q Ka7 60. Qf6 Kb8 61. Qd7 Ka8 62. Qa6+ Kb8 63. Qab7#
{Black checkmated}
1-0

[Event "ICC tourney 2834 (40 10)"]
[Site "Internet Chess Club"]
[Date "2022.02.26"]
[Round "4"]
[White "CAO, DANIEL:danielcao"]
[Black "JIMENEZ, LUIS A:eltuna"]
[Result "0-1"]
[ICCResult "White resigns"]
[WhiteElo "1318"]
[BlackElo "1440"]
[Opening "Caro-Kann: classical variation"]
[ECO "B18"]
[NIC "CK.10"]
[Time "17:45:23"]
[PlyCount "112"]
[TimeControl "2400+10"]

1. e4 c6 2. d4 d5 3. Nc3 dxe4 4. Nxe4 Bf5 5. Ng3 Bg6 6. Nf3 Nd7 7. Bf4 Ngf6
8. Bc4 e6 9. Qd2 Be7 10. O-O-O b5 11. Bb3 a5 12. a3 O-O 13. h4 c5 14. h5 Ne4
15. Qe2 Nxg3 16. fxg3 Bf5 17. Nh4 c4 18. Ba2 Bxh4 19. gxh4 Nf6 20. Rhg1 Bg4
21. Qd2 Bxd1 22. Qxd1 Nd5 23. Bd2 Qxh4 24. g4 Qf2 25. g5 Ne3 26. Bxe3 Qxe3+
27. Kb1 Rad8 28. c3 Qd3+ 29. Qxd3 cxd3 30. Rd1 Rb8 31. Rxd3 b4 32. axb4 axb4
33. cxb4 Rxb4 34. g6 Rfb8 35. gxf7+ Kxf7 36. Rd2 Rd8 37. Rf2+ Ke7 38. Re2
Rd6 39. d5 Rh4 40. dxe6 Rxh5 41. Rf2 Rxe6 42. Bxe6 Kxe6 43. b4 Rb5 44. Rb2
g5 45. Kc2 Kf5 46. Kd3 g4 47. Ke3 h5 48. Kf2 Kf4 49. Rb3 h4 50. Kg2 h3+ 51.
Kh2 Re5 52. Rb2 Kg5 53. b5 Kh4 54. Rb1 g3+ 55. Kg1 h2+ 56. Kh1 Kh3
{White resigns}
0-1

[Event "ICC tourney 2834 (40 10)"]
[Site "Internet Chess Club"]
[Date "2022.02.26"]
[Round "4"]
[White "Li, Ethan:CloudyCute"]
[Black "WESLEY, GEORGE:Maglars"]
[Result "0-1"]
[ICCResult "White resigns"]
[WhiteElo "811"]
[BlackElo "1132"]
[Opening "Scandinavian defense"]
[ECO "B01"]
[NIC "SD.03"]
[Time "17:45:26"]
[PlyCount "81"]
[TimeControl "2400+10"]

1. e4 d5 2. exd5 Nf6 3. Nc3 Nxd5 4. Nxd5 Qxd5 5. Nf3 Nc6 6. g3 Bf5 7. Bg2
Qd7 8. O-O O-O-O 9. a4 a6 10. Nh4 Be6 11. d3 Kb8 12. Be4 Nd4 13. Be3 g6 14.
Bxd4 Qxd4 15. c3 Qb6 16. b4 f5 17. Bg2 Bg7 18. d4 Rd6 19. Qf3 Rf8 20. b5 g5
21. a5 Qxb5 22. Rab1 Qd5 23. c4 Qxf3 24. Nxf3 c6 25. c5 Rdd8 26. Nxg5 Bg8
27. Rfe1 Rd7 28. Bxc6 Rc7 29. Ne6 Rxc6 30. Nxf8 Bxf8 31. Re5 e6 32. Rbe1 Bg7
33. d5 Rxc5 34. R5e2 Rxd5 35. Ra2 e5 36. f4 e4 37. Rc1 e3 38. Rac2 Be6 39.
Rc7 Bb2 40. R1c2 Rd1+ 41. Kg2 {White resigns} 0-1

[Event "ICC tourney 2834 (40 10)"]
[Site "Internet Chess Club"]
[Date "2022.02.26"]
[Round "4"]
[White "MEHTA, CHAITANYA:Chai2006"]
[Black "PADIYAR, SUNMAY:sunmay12"]
[Result "0-1"]
[ICCResult "White resigns"]
[WhiteElo "1228"]
[BlackElo "1320"]
[Opening "Queen's pawn game, Krause variation"]
[ECO "D02"]
[NIC "QP.08"]
[Time "17:45:23"]
[PlyCount "72"]
[TimeControl "2400+10"]

1. d4 d5 2. Nf3 c5 3. c3 Nc6 4. Bf4 Nf6 5. e3 e6 6. Nbd2 Bd6 7. Ne5 Bxe5 8.
dxe5 Nd7 9. Nf3 Qc7 10. Bd3 Ndxe5 11. Nxe5 Nxe5 12. Bc2 h5 13. Ba4+ Ke7 14.
O-O f6 15. Bxe5 Qxe5 16. f4 Qxe3+ 17. Kh1 c4 18. Re1 Qc5 19. Qf3 b5 20. Bc2
Kf8 21. Rad1 Bb7 22. Rxe6 Rh6 23. Rde1 Bc6 24. Qe2 Bd7 25. Re7 Qd6 26. Qf3
Re8 27. Rxe8+ Bxe8 28. Re5 Bf7 29. Re1 g6 30. Qe3 a6 31. Qa7 Rh8 32. f5 g5
33. Qa8+ Kg7 34. Qa7 Qf4 35. Bb1 Qd2 36. Qe7 Re8 {White resigns} 0-1

[Event "ICC tourney 2834 (40 10)"]
[Site "Internet Chess Club"]
[Date "2022.02.26"]
[Round "5"]
[White "ASHOK, AMUDHAN:amudhanashok"]
[Black "MEHTA, CHAITANYA:Chai2006"]
[Result "0-1"]
[ICCResult "White checkmated"]
[WhiteElo "950"]
[BlackElo "1228"]
[Opening "Queen's pawn"]
[ECO "A40"]
[NIC "QO.17"]
[Time "20:00:21"]
[PlyCount "26"]
[TimeControl "2400+10"]

1. d4 e6 2. Nc3 d5 3. Nf3 Nf6 4. a3 c5 5. e3 Nc6 6. Bb5 Qb6 7. Kf1 Be7 8.
Bd2 O-O 9. Rb1 cxd4 10. exd4 Nxd4 11. Nxd4 Qxd4 12. Be2 Bc5 13. Nb5 Qxf2#
{White checkmated}
0-1

[Event "ICC tourney 2834 (40 10)"]
[Site "Internet Chess Club"]
[Date "2022.02.26"]
[Round "5"]
[White "DATTA, GAURAV D:Geebz76"]
[Black "THAPER, RISHUBH:MajorKey"]
[Result "0-1"]
[ICCResult "White resigns"]
[WhiteElo "1285"]
[BlackElo "1123"]
[Opening "English opening: Agincourt variation"]
[ECO "A13"]
[NIC "QP.09"]
[Time "20:00:29"]
[PlyCount "20"]
[TimeControl "2400+10"]

1. Nf3 d5 2. c4 e6 3. b3 Nf6 4. Bb2 c5 5. g3 Nc6 6. d4 cxd4 7. Nxd4 Bb4+ 8.
Nc3 Ne4 9. Qd3 Qf6 10. Nf3 Bxc3+ {White resigns} 0-1

[Event "ICC tourney 2834 (40 10)"]
[Site "Internet Chess Club"]
[Date "2022.02.26"]
[Round "5"]
[White "ZIESLER, GAVIN:GavinZ"]
[Black "Mishra, Aakash:ttpq52"]
[Result "1/2-1/2"]
[ICCResult "White stalemated"]
[WhiteElo "460"]
[BlackElo "410"]
[Opening "Sicilian defense"]
[ECO "B20"]
[NIC "SI.48"]
[Time "20:00:25"]
[PlyCount "164"]
[TimeControl "2400+10"]

1. e4 c5 2. Bb5 a6 3. Bc4 b5 4. Bd3 c4 5. Be2 Nc6 6. Bf3 Nf6 7. e5 Nxe5 8.
Bxa8 d5 9. Nf3 Nxf3+ 10. Qxf3 Bg4 11. Qf4 Qxa8 12. Qxg4 Nxg4 13. h3 Ne5 14.
d3 cxd3 15. cxd3 Nxd3+ 16. Kd2 Nxf2 17. Rf1 Ne4+ 18. Ke3 f5 19. Rxf5 e6 20.
Re5 Bd6 21. Rxe6+ Be7 22. Nc3 Nc5 23. Re5 Qa7 24. Ke2 O-O 25. Nxd5 Bd6 26.
Ne7+ Bxe7 27. Re3 Bg5 28. Rg3 Re8+ 29. Be3 Qe7 30. Kd2 Bxe3+ 31. Kc2 Qe4+
32. Kd1 Nd3 33. Rg4 Nxb2+ 34. Ke1 Nd3+ 35. Ke2 Bd4+ 36. Rxe4 Rxe4+ 37. Kxd3
Bxa1 38. Kxe4 Kf7 39. g4 Kg6 40. Kf4 h5 41. gxh5+ Kxh5 42. Kg3 g5 43. a3 Bb2
44. a4 bxa4 45. Kg2 a3 46. h4 a2 47. hxg5 a1=Q 48. g6 Qa3 49. g7 Qb3 50. Kf2
Qg8 51. Ke2 Qxg7 52. Kd2 Qa7 53. Kc2 a5 54. Kxb2 a4 55. Ka3 Kg5 56. Ka2 Qf2+
57. Ka3 Kg4 58. Kxa4 Qc5 59. Kb3 Qc6 60. Kb4 Qc7 61. Kb5 Qc8 62. Kb4 Qc6 63.
Kb3 Qc5 64. Kb2 Qc4 65. Ka3 Kf4 66. Kb2 Ke4 67. Ka3 Kd4 68. Kb2 Kd3 69. Kb1
Kd2 70. Kb2 Qc3+ 71. Ka2 Kd1 72. Kb1 Qc2+ 73. Ka1 Qc4 74. Kb2 Qd3 75. Ka2
Qc3 76. Kb1 Kd2 77. Ka2 Kd3 78. Kb1 Kc4 79. Ka2 Kb4 80. Kb1 Ka4 81. Ka2 Qb3+
82. Ka1 Kb4 {White stalemated} 1/2-1/2

[Event "ICC tourney 2834 (40 10)"]
[Site "Internet Chess Club"]
[Date "2022.02.26"]
[Round "5"]
[White "KINKUS, SAM E:Grandslam34"]
[Black "LIN, CARL:K01-17110834"]
[Result "0-1"]
[ICCResult "White resigns"]
[WhiteElo "799"]
[BlackElo "1213"]
[Opening "KP: Patzer opening"]
[ECO "C20"]
[NIC "KP.10"]
[Time "20:00:27"]
[PlyCount "60"]
[TimeControl "2400+10"]

1. e4 e5 2. Qh5 Nc6 3. Bc4 g6 4. Qf3 Nf6 5. Ne2 Bg7 6. Nbc3 O-O 7. d3 d6 8.
h3 Be6 9. Bxe6 fxe6 10. Bg5 Qd7 11. O-O-O Nd5 12. Qg4 Nxc3 13. Nxc3 Nd4 14.
Rhf1 b5 15. Ne2 Nxe2+ 16. Qxe2 b4 17. b3 a5 18. Qd2 Qb5 19. Bh6 a4 20. Bxg7
Kxg7 21. f4 axb3 22. cxb3 Qc6+ 23. Qc2 Qxc2+ 24. Kxc2 Rxa2+ 25. Kb1 Rxg2 26.
fxe5 dxe5 27. Rxf8 Kxf8 28. Rf1+ Ke7 29. Kc1 Rg3 30. Rh1 Rxd3 {White
resigns} 0-1

[Event "ICC tourney 2834 (40 10)"]
[Site "Internet Chess Club"]
[Date "2022.02.26"]
[Round "5"]
[White "GUO, MAX:salamenceg"]
[Black "VIJAYABHARATHI, SACHIN:sachinv24"]
[Result "1-0"]
[ICCResult "Black checkmated"]
[WhiteElo "1220"]
[BlackElo "320"]
[Opening "King's knight's gambit"]
[ECO "C34"]
[NIC "KG.02"]
[Time "20:00:21"]
[PlyCount "123"]
[TimeControl "2400+10"]

1. e4 e5 2. f4 exf4 3. Nf3 Nc6 4. d4 Nf6 5. Nc3 Bb4 6. d5 Bxc3+ 7. bxc3 Nb8
8. e5 Ng4 9. Bxf4 d6 10. Bd3 dxe5 11. Nxe5 Nxe5 12. Bxe5 Qe7 13. Qe2 f6 14.
Bg3 Qxe2+ 15. Bxe2 O-O 16. O-O c6 17. d6 Re8 18. Rfe1 Nd7 19. Bc4+ Kf8 20.
Rxe8+ Kxe8 21. Re1+ Kf8 22. Re7 Nb6 23. Bb3 Bf5 24. Rxb7 Nd5 25. Bxd5 cxd5
26. d7 Ke7 27. Bf2 Bxd7 28. Bxa7 Rc8 29. Bd4 Ra8 30. Ra7 Rxa7 31. Bxa7 Ba4
32. Kf2 Bxc2 33. Ke3 Bb1 34. a4 Be4 35. g3 Bc2 36. a5 g5 37. Bb8 Ba4 38. a6
Bc6 39. a7 Kd8 40. Kd4 Kd7 41. c4 dxc4 42. Kxc4 h5 43. Kd4 h4 44. gxh4 gxh4
45. Ke3 f5 46. Kf4 Ke6 47. h3 Bd5 48. Kg5 Bc6 49. Kxh4 f4 50. Bxf4 Ke7 51.
Kg5 Bd7 52. h4 Bc6 53. h5 Kd7 54. h6 Be4 55. h7 Bxh7 56. a8=Q Ke7 57. Qb7+
Ke8 58. Qxh7 Kd8 59. Qc7+ Ke8 60. Kf6 Kf8 61. Bh6+ Kg8 62. Qg7#
{Black checkmated}
1-0

[Event "ICC tourney 2834 (40 10)"]
[Site "Internet Chess Club"]
[Date "2022.02.26"]
[Round "5"]
[White "YANG, JON:K05-16665853"]
[Black "CAO, DANIEL:danielcao"]
[Result "1-0"]
[ICCResult "Black checkmated"]
[WhiteElo "1153"]
[BlackElo "1318"]
[Opening "Sicilian: Richter-Rauzer"]
[ECO "B60"]
[NIC "SI.27"]
[Time "20:00:21"]
[PlyCount "107"]
[TimeControl "2400+10"]

1. e4 c5 2. Nf3 Nc6 3. d4 cxd4 4. Nxd4 Nf6 5. Nc3 d6 6. Bg5 h6 7. Bxf6 gxf6
8. f4 e6 9. Bb5 Bd7 10. O-O Qb6 11. Kh1 Qxd4 12. Bxc6 Qxd1 13. Bxd7+ Kxd7
14. Raxd1 Be7 15. f5 Rhg8 16. h3 Rg3 17. Rf3 Rxf3 18. gxf3 Rg8 19. Kh2 a6
20. f4 Bf8 21. Ne2 h5 22. Ng3 h4 23. Ne2 Bh6 24. Rg1 Rxg1 25. Kxg1 b5 26. b4
Kc6 27. Nd4+ Kd7 28. Ne2 Ke7 29. Kf2 e5 30. Kf3 Kd7 31. Kg4 Kc6 32. fxe5
fxe5 33. Kxh4 f6 34. Kg4 d5 35. Nc3 d4 36. Nd5 Bg7 37. h4 Kd7 38. Kh5 Ke8
39. Kg6 Kf8 40. h5 Kg8 41. h6 Bf8 42. Nxf6+ Kh8 43. Nd5 d3 44. cxd3 a5 45.
a3 axb4 46. axb4 Kg8 47. f6 Kh8 48. Ne7 Bxh6 49. f7 Bf8 50. Kf6 Bg7+ 51. Ke6
Bf6 52. f8=Q+ Kh7 53. Qg8+ Kh6 54. Qg6# {Black checkmated} 1-0

[Event "ICC tourney 2834 (40 10)"]
[Site "Internet Chess Club"]
[Date "2022.02.26"]
[Round "5"]
[White "Lin, James:MeLikeGame"]
[Black "WU, DARREN:chessboy111"]
[Result "0-1"]
[ICCResult "White checkmated"]
[WhiteElo "1392"]
[BlackElo "768"]
[Opening "Giuoco Piano: Möller (Therkatz) attack"]
[ECO "C54"]
[NIC "IG.02"]
[Time "20:00:22"]
[PlyCount "96"]
[TimeControl "2400+10"]

1. e4 e5 2. Nf3 Nc6 3. Bc4 Bc5 4. c3 Nf6 5. d4 exd4 6. cxd4 Bb4+ 7. Nc3 Nxe4
8. O-O Bxc3 9. d5 Bf6 10. dxc6 bxc6 11. Re1 d5 12. Bd3 O-O 13. Bf4 Bf5 14.
Qc2 Re8 15. Qxc6 Bxb2 16. Rab1 Bc3 17. Bxe4 Bxe4 18. Qxc3 Bxb1 19. Rxb1 Rb8
20. Rc1 Re7 21. h3 Rb7 22. Nd4 Qd7 23. Nc6 Re4 24. Bg3 Rc4 25. Qe3 Rxc6 26.
Re1 Re6 27. Qd2 Rxe1+ 28. Qxe1 Qb5 29. Kh2 h6 30. Qe7 c6 31. Qd8+ Kh7 32.
Qc8 d4 33. Bc7 d3 34. Qd7 d2 35. Qd8 Rxc7 36. Qxd2 c5 37. Qc2+ g6 38. a4 Qb6
39. Qc4 Qe6 40. Qf4 Rc8 41. g4 c4 42. g5 h5 43. Qd4 c3 44. Qxa7 c2 45. a5
c1=Q 46. a6 Qf4+ 47. Kg2 Qee4+ 48. Kf1 Rc1# {White checkmated} 0-1

[Event "ICC tourney 2834 (40 10)"]
[Site "Internet Chess Club"]
[Date "2022.02.26"]
[Round "5"]
[White "BIRUDAVOLU, SATHVIK:Vikki24"]
[Black "MADALA, MANASVI:K05-30147205"]
[Result "1/2-1/2"]
[ICCResult "Black stalemated"]
[WhiteElo "1069"]
[BlackElo "609"]
[Opening "Queen's bishop game"]
[ECO "D02"]
[NIC "QP.08"]
[Time "20:00:29"]
[PlyCount "131"]
[TimeControl "2400+10"]

1. d4 d5 2. Nf3 Nf6 3. Bf4 Bf5 4. Nc3 e6 5. a3 Nc6 6. e3 Bd6 7. Bg3 O-O 8.
Bd3 Bg4 9. h3 Bxf3 10. Qxf3 Re8 11. O-O g6 12. Rfe1 e5 13. dxe5 Nxe5 14.
Bxe5 Bxe5 15. Rad1 Bxc3 16. bxc3 c6 17. Kh1 Re6 18. c4 Qd6 19. cxd5 Qxd5 20.
Qxd5 Nxd5 21. Bc4 Rd8 22. e4 b5 23. Bb3 Rf6 24. exd5 cxd5 25. Rxd5 Rxd5 26.
Bxd5 Rxf2 27. Re7 Kh8 28. Rxa7 Rxc2 29. Bxf7 Rc1+ 30. Kh2 Ra1 31. Ra5 b4 32.
Kg3 bxa3 33. Kf3 Rf1+ 34. Kg3 Rxf7 35. Rxa3 Kg7 36. Rf3 Rxf3+ 37. Kxf3 Kf6
38. g4 Kg5 39. Kg3 h5 40. gxh5 gxh5 41. h4+ Kh6 42. Kf4 Kg6 43. Ke5 Kh7 44.
Kf5 Kh6 45. Kf6 Kh7 46. Kf5 Kh6 47. Kf4 Kg6 48. Ke5 Kg7 49. Kf5 Kh6 50. Kf6
Kh7 51. Kg5 Kg7 52. Kxh5 Kh7 53. Kg5 Kg7 54. h5 Kh7 55. Kg4 Kh6 56. Kh4 Kh7
57. Kg5 Kg7 58. h6+ Kh7 59. Kh5 Kg8 60. Kg6 Kh8 61. Kf6 Kh7 62. Kg5 Kh8 63.
Kh5 Kh7 64. Kg5 Kg8 65. Kg6 Kh8 66. h7 {Black stalemated} 1/2-1/2

[Event "ICC tourney 2834 (40 10)"]
[Site "Internet Chess Club"]
[Date "2022.02.26"]
[Round "5"]
[White "TOPA, RONALD:RonTopa"]
[Black "Rastogi, Viraj:masterviraj"]
[Result "1-0"]
[ICCResult "Black resigns"]
[WhiteElo "1228"]
[BlackElo "716"]
[Opening "QGD: Ragozin variation"]
[ECO "D38"]
[NIC "NI.27"]
[Time "20:00:27"]
[PlyCount "111"]
[TimeControl "2400+10"]

1. d4 d5 2. c4 e6 3. Nf3 Nf6 4. Nc3 Bb4 5. Bd2 Bxc3 6. Bxc3 Nc6 7. e3 Bd7 8.
cxd5 exd5 9. Bd3 O-O 10. O-O Bg4 11. h3 Bh5 12. Be2 Qe7 13. Re1 Ne4 14. Rc1
Nxc3 15. bxc3 Qa3 16. c4 dxc4 17. Rxc4 Qd6 18. Qc2 Nb4 19. Qb1 Nc6 20. Ng5
Bg6 21. Bd3 Qd5 22. Rc5 Qd6 23. Ne4 Bxe4 24. Bxe4 Rfe8 25. Bxh7+ Kh8 26. Bd3
b6 27. Rh5+ Kg8 28. Bb5 g6 29. Rh4 a6 30. Bd3 Qf6 31. Rf4 Qg7 32. Be4 Ne7
33. Bxa8 Rxa8 34. Rc1 Rc8 35. Qe4 Nf5 36. Qb7 Rf8 37. Rxc7 Nd6 38. Qxb6 Nf5
39. Qxa6 Qh7 40. Qb7 Qg7 41. a4 Nd6 42. Qb6 Nf5 43. a5 Qh7 44. a6 Qg7 45. a7
Qh7 46. Qb7 Nd6 47. Qc6 Nf5 48. a8=Q Qg7 49. Qxf8+ Qxf8 50. Rc8 Ne7 51.
Rxf8+ Kxf8 52. Qa8+ Kg7 53. Qa7 Nf5 54. e4 Nd6 55. e5 Nf5 56. d5 {Black
resigns} 1-0

[Event "ICC tourney 2834 (40 10)"]
[Site "Internet Chess Club"]
[Date "2022.02.26"]
[Round "5"]
[White "FILOSOFOV, VASILII:Filosofov"]
[Black "STONE, GILBERT L:tightfist"]
[Result "0-1"]
[ICCResult "White checkmated"]
[WhiteElo "1379"]
[BlackElo "1317"]
[Opening "French: Two knights variation"]
[ECO "C00"]
[NIC "FR.01"]
[Time "20:00:30"]
[PlyCount "58"]
[TimeControl "2400+10"]

1. e4 e6 2. Nf3 d5 3. Nc3 Nf6 4. e5 Nfd7 5. d4 c5 6. dxc5 Bxc5 7. Bd3 a6 8.
O-O Qc7 9. Bf4 Nc6 10. Qd2 Ndxe5 11. Nxe5 Nxe5 12. Rfe1 Bd6 13. Bf1 O-O 14.
Bxe5 Bxe5 15. g3 Bxc3 16. bxc3 Bd7 17. h4 Rac8 18. h5 Qxc3 19. Qg5 Qf6 20.
Qg4 Rxc2 21. Be2 Bb5 22. Kg2 Bxe2 23. Rxe2 Rxe2 24. Qxe2 Qxa1 25. Qg4 Qe5
26. f4 Qe4+ 27. Kh2 Rc8 28. h6 Rc2+ 29. Kh3 Qh1# {White checkmated} 0-1

[Event "ICC tourney 2834 (40 10)"]
[Site "Internet Chess Club"]
[Date "2022.02.26"]
[Round "5"]
[White "Li, Aaron:WindySmart"]
[Black "DING, OLIVIA:antpower0"]
[Result "0-1"]
[ICCResult "White checkmated"]
[WhiteElo "687"]
[BlackElo "814"]
[Opening "Sicilian: dragon, 6.Be3"]
[ECO "B72"]
[NIC "SI.16"]
[Time "20:00:23"]
[PlyCount "152"]
[TimeControl "2400+10"]

1. e4 c5 2. Nf3 d6 3. d4 cxd4 4. Nxd4 Nf6 5. Nc3 g6 6. Be3 Bg7 7. Bc4 O-O 8.
O-O Bd7 9. f3 Nc6 10. Re1 e6 11. Qd2 Nxd4 12. Bxd4 Re8 13. Bxf6 Qxf6 14.
Qxd6 Qd4+ 15. Qxd4 Bxd4+ 16. Kh1 Rac8 17. Bb3 Bxc3 18. bxc3 Rxc3 19. Rad1
Bc6 20. Re2 Bb5 21. Red2 Re3 22. h3 a5 23. a4 Bc6 24. Rd3 Rxd3 25. Rxd3 f5
26. e5 Kf7 27. f4 Ke7 28. Rd6 Kf7 29. Kh2 h6 30. g4 fxg4 31. hxg4 g5 32. f5
Bd5 33. Bxd5 exd5 34. Rxd5 Rc8 35. Rd2 Rc5 36. Re2 Rc4 37. e6+ Ke8 38. f6
Rc8 39. e7 Kf7 40. Kg1 Re8 41. Kf1 Kxf6 42. Ke1 Rxe7 43. Rxe7 Kxe7 44. Kd2
Ke6 45. Kd3 Ke5 46. Ke3 Kd5 47. Kd3 Kc5 48. Kc3 b5 49. axb5 Kxb5 50. Kb3 a4+
51. Ka3 Kc4 52. Kb2 a3+ 53. Kxa3 Kc3 54. Ka4 Kxc2 55. Kb5 Kd3 56. Kc5 Ke4
57. Kd6 Kf4 58. Ke6 Kxg4 59. Kf6 h5 60. Ke5 h4 61. Ke4 h3 62. Ke3 h2 63. Kf2
h1=Q 64. Ke2 Qg1 65. Kd2 Qc5 66. Kd3 Qb4 67. Kc2 Qd4 68. Kb3 Qc5 69. Ka4 Qb6
70. Ka3 Qb5 71. Ka2 Qb4 72. Ka1 Kf4 73. Ka2 Ke3 74. Ka1 Kd2 75. Ka2 Kc2 76.
Ka1 Qb2# {White checkmated} 0-1